 Dungeon Crawl Stone Soup version 0.27.1-2-g3b301248ec (webtiles) character file.

Game seed: 12618116656754125022

223 cdecastro the Poker (level 5, -10/38 HPs)
             Began as a Demonspawn Gladiator on Oct 4, 2021.
             Was a Believer of Dithmenos.
             Mangled by a gnoll (16 damage)
             ... on level 3 of the Dungeon.
             The game lasted 00:05:56 (3120 turns).

cdecastro the Poker (Demonspawn Gladiator)          Turns: 3120, Time: 00:05:56

Health: -10/38     AC:  5    Str: 15    XL:     5   Next: 66%
Magic:  1/5        EV: 32    Int:  9    God:    Dithmenos [**....]
Gold:   138        SH:  0    Dex: 15    Spells: 4/4 levels left

rFire    . . .     SeeInvis .   a - +0 trident
rCold    . . .     Faith    .   (no shield)
rNeg     . . .     Spirit   .   b - +0 leather armour
rPois    .         Reflect  .   (helmet restricted)
rElec    .         Harm     .   (no cloak)
rCorr    .         Rampage  .   (no gloves)
Will     +....                  (no boots)
Stlth    +.........             l - amulet of the acrobat
HPRegen  0.12/turn              m - ring of willpower
MPRegen  0.09/turn              (no ring)

@: agile, acrobatic, wreathed by umbra
A: horns 1, molten scales 1, demonic guardian 1, powered by pain 1
a: Renounce Religion, Shadow Step


You were on level 3 of the Dungeon.
You worshipped Dithmenos.
Dithmenos was pleased with you.
You visited 2 branches of the dungeon, and saw 5 of its levels.

You collected 138 gold pieces.

Inventory:

Hand Weapons
 a - a +0 trident (weapon)
Missiles
 d - 3 throwing nets
 e - 9 arrows
 f - 56 stones (quivered)
 i - 33 bolts
Armour
 b - a +0 leather armour (worn)
 c - a +0 helmet
Jewellery
 k - an amulet of magic regeneration
 l - an amulet of the acrobat (around neck)
 m - a ring of willpower (left hand)
Scrolls
 h - a scroll of vulnerability {unknown}
 n - a scroll of enchant armour {unknown}
 o - a scroll of noise {unknown}
 p - a scroll of identify {unknown}
Potions
 g - a potion of brilliance {unknown}
 j - a potion of might {unknown}
 q - 2 potions of curing {unknown}
 r - 2 potions of attraction {unknown}
 s - a potion of magic {unknown}


   Skills:
 - Level 2.0 Fighting
 + Level 5.9 Polearms
 - Level 1.7 Throwing
 - Level 2.6 Dodging


You had 4 spell levels left.
You didn't know any spells.
Your spell library was empty.

Dungeon Overview and Level Annotations

Branches:
Dungeon (4/15)             Temple (1/1) D:4

Altars:
Ashenzari
Dithmenos
Elyvilon
Hepliaklqana
Kikubaaqudgha
Makhleb
Nemelex Xobeh
Okawaru
Sif Muna
Trog
Uskayaw
Vehumet
Xom
Yredelemnul
The Shining One
Lugonu


Innate Abilities, Weirdness & Mutations

You have a pair of small horns on your head.
You are partially covered in molten scales. (AC +2)
A weak demonic guardian rushes to your aid.
You sometimes gain a little power by taking damage.


Message History

No target in view! 3 gnolls come into view.
A gnoll is wielding a +1 halberd of protection.
You see here a hobgoblin corpse.
There are monsters nearby!
Found a robe.
The gnoll shouts! x2
The gnoll shouts!
You see here a hobgoblin corpse.
There is a stone staircase leading up here.
There is a stone staircase leading up here.
You reach to attack!
You hit the gnoll but do no damage.
There is a stone staircase leading up here.
The gnoll closely misses you. The gnoll barely misses you. x2
You climb upwards.
There is a stone staircase leading down here.
Unknown command.
Aiming: Shadow Step
Press: ? - help, Dir - move target, f - gnoll
Aim: a gnoll, wielding a +1 halberd of protection (umbra)
You step into the gnoll's shadow.
The gnoll hits you with a +1 halberd of protection!
Unknown command.
Unknown command.
Unknown command.
You closely miss the gnoll.
You headbutt the gnoll, but do no damage.
The gnoll misses you.
You hit the gnoll.
The gnoll is lightly wounded.
The gnoll hits you with a +1 halberd of protection!
* * * LOW HITPOINT WARNING * * *
You barely miss the gnoll. You headbutt the gnoll.
The gnoll is moderately wounded.
The gnoll hits you with a +1 halberd of protection!
* * * LOW HITPOINT WARNING * * *
A demonic guardian appears!
You focus on the pain.
You feel agile all of a sudden.
The gnoll hits you from afar with a +1 halberd of protection!
You die...

#######.# #.# #
#.#############
#######.............#
'................##^#
################.##.#
# #######.##.#
##########......5##.#
................@.gg#
.......###.###.####g#
######.# #.# #.# #.#
.....#.# #.# #.# ###
####...# #.# #.#
##..# #.# #.# #.†#
#.# #.# ##.# #.# #.#
# #.###.# #.#


You could see 3 gnolls and a friendly white imp (summoned).

Vanquished Creatures
  A human skeleton (D:3)
  2 adders
  2 worms (D:3)
  2 dart slugs (D:1)
  5 orcs (D:3)
  6 endoplasms
  5 giant cockroaches
  2 goblins
  6 hobgoblins
  4 jackals (D:3)
  4 kobolds
  A quokka (D:2)
  5 ball pythons
  5 bats
  4 frilled lizards
  A goblin zombie (D:3)
  A kobold skeleton (D:3)
  3 rats
59 creatures vanquished.

Vanquished Creatures (collateral kills)
  A human (D:3)
1 creature vanquished.

Grand Total: 60 creatures vanquished

Notes
Turn   | Place    | Note
-------+----------+-------------------------------------------
     0 | D:1      | cdecastro the Demonspawn Gladiator began the quest for the
                  | Orb.
     0 | D:1      | Reached XP level 1. HP: 16/16 MP: 1/1
    11 | D:1      | Reached skill level 3 in Polearms
    51 | D:1      | Gained mutation: You are partially covered in molten
                  | scales. (AC +2) [demonic ancestry]
    51 | D:1      | Reached XP level 2. HP: 20/22 MP: 2/2
   981 | D:2      | Gained mutation: A weak demonic guardian rushes to your
                  | aid. [demonic ancestry]
   981 | D:2      | Reached XP level 3. HP: 25/27 MP: 3/3
  1134 | D:2      | Found a faded altar of an unknown god.
  1303 | D:2      | Reached skill level 4 in Polearms
  1654 | D:2      | Became a worshipper of Dithmenos the Shadowed
  1654 | D:2      | Reached * piety under Dithmenos
  1822 | D:3      | Gained mutation: You have a pair of small horns on your
                  | head. [demonic ancestry]
  1822 | D:3      | Reached XP level 4. HP: 31/33 MP: 4/4
  1961 | D:3      | Found a runed translucent door.
  1961 | D:3      | Noticed a human
  1965 | D:3      | Found a basalt altar of Yredelemnul.
  2033 | D:3      | Killed a human
  2034 | D:3      | Reached skill level 5 in Polearms
  2034 | D:3      | Gained mutation: You sometimes gain a little power by
                  | taking damage. [demonic ancestry]
  2034 | D:3      | Reached XP level 5. HP: 7/38 MP: 5/5
  2464 | D:3      | Found a radiant altar of Vehumet.
  2464 | D:3      | Found a hazy altar of Hepliaklqana.
  2464 | D:3      | Found an ancient bone altar of Kikubaaqudgha.
  2464 | D:3      | Found a shimmering blue altar of Sif Muna.
  2470 | D:3      | Reached ** piety under Dithmenos
  2515 | D:3      | Found a shadowy altar of Dithmenos.
  2520 | D:3      | Found an iron altar of Okawaru.
  2951 | D:4      | Found a staircase to the Ecumenical Temple.
  2969 | D:4      | Noticed a yak
  2979 | Temple   | Entered the Ecumenical Temple
  3052 | D:4      | Noticed a yak
  3053 | D:4      | Noticed a yak
  3053 | D:4      | Noticed a yak
  3053 | D:4      | Noticed a yak
  3120 | D:3      | Mangled by a gnoll

Illustrated notes

Levels and vault maps discovered:
D:1:      dpeg_arrival_pits, layout_basic
D:2:      layout_loops_ring, ebering_ecumenical_altar_webs
D:3:      layout_basic, minmay_overflow_temple_hex, dk_yredelemnul_ordeal
D:4:      layout_basic, general_overflow_altar,
          minmay_temple_entry_stoned_glass, gammafunk_ghost_split, uniq_edmund
Temple:   corrupted_temple

Skill      XL: |  1  2  3  4 |
---------------+-------------+-----
Polearms       | 3 4 5 |  5.9
Fighting       | |  2.0
Throwing       | |  1.7
Dodging        | |  2.6

Action                   |  1- 3 |  4- 6 || total
-------------------------+-------+-------++-------
Melee: Trident           |   143 |    82 ||   225
       Headbutt          |       |    15 ||    15
Invok: Shadow Step       |       |     1 ||     1
 Stab: Sleeping          |     2 |     1 ||     3
Armor: Leather armour    |    26 |    21 ||    47
Dodge: Dodged            |    78 |    33 ||   111
